 Dungeon Crawl Stone Soup version 0.31-a0-728-g01b46875f1 (webtiles) character file.

Game seed: 18111648798141838885

919 Newt the Trooper (level 8, -5/53 HPs)
             Began as a Gargoyle Fighter on Sept 11, 2023.
             Was an Initiate of Gozag.
             Slain by Duvessa
             ... wielding a +0 short sword of distortion
              (23 damage)
             ... on level 5 of the Dungeon.
             The game lasted 00:04:37 (4266 turns).

Newt the Trooper (Gargoyle Fighter)                 Turns: 4266, Time: 00:04:38

Health: -5/53      AC: 24    Str: 22    XL:     8   Next: 9%
Magic:  8/8        EV: 10    Int:  9    God:    Gozag
Gold:   398        SH:  4    Dex:  9    Spells: 7/7 levels left

rFire   . . .        a - +1 flail (protect)
rCold   . . .        c - +0 buckler
rNeg    + . .        f - +2 ring mail {rPois}
rPois   ∞            k - +0 helmet
rElec   +            p - +0 cloak
rCorr   .            (no gloves)
SInv    .            u - +0 pair of boots
Will    .....        (no amulet) Stlth
                     (no ring)
HPRegen 0.28/turn    (no ring)
MPRegen 0.11/turn

%: no passive effects
@: under a protective aura, hasted, invisible, very quick
A: sickness immunity, AC +5, negative energy resistance 1, electricity
resistance, torment resistance 1, petrification resistance
a: Renounce Religion, Potion Petition, Call Merchant, Bribe Branch


You were on level 5 of the Dungeon.
You worshipped Gozag.
Gozag was aware of your devotion.
You visited 1 branch of the dungeon, and saw 5 of its levels.

You collected 537 gold pieces.
You spent 104 gold pieces at shops.
You paid 35 gold pieces to Gozag.

Inventory:

Hand Weapons
 a - a +1 flail of protection (weapon)
Missiles
 d - 2 javelins
 g - 5 poisoned darts (quivered)
Armour
 b - a +0 scale mail
 c - a +0 buckler (worn)
 f - a +2 ring mail of poison resistance (worn)
 k - a +0 helmet (worn)
 p - a +0 cloak (worn)
 u - a +0 pair of boots (worn)
Scrolls
 e - a scroll of immolation
 h - 2 scrolls of teleportation
 n - a scroll of fog
 q - a scroll of amnesia
 w - a scroll of noise
Potions
 i - 4 potions of curing
 l - a potion of degeneration
 m - 2 potions of enlightenment
 r - a potion of heal wounds
 t - a potion of lignification


   Skills:
 + Level 7.5 Fighting
 - Level 5.0 Maces & Flails
 - Level 6.0 Armour
 - Level 3.2 Shields


You had 7 spell levels left.
You didn't know any spells.
Your spell library was empty.

Dungeon Overview and Level Annotations

Branches:
Dungeon (5/15)
 Temple: D:4-7

Altars:
Gozag
Makhleb
Okawaru

Shops:
D:1 ?   D:2 :

Annotations:
D:4 2 transporters
D:5 Dowan, Duvessa


Innate Abilities, Weirdness & Mutations

You are immune to sickness and miasma.
Your stone body is resilient. (AC +5)
You are immune to poison.
You resist negative energy. (rN+)
You are resistant to electric shocks. (rElec)
You are resistant to unholy torment.
You are immune to petrification.


Message History

Aim: Duvessa, wielding a +0 short sword of distortion and wearing a +0 leather armour (lightly wounded, fast, poisoned, about 37% to evade your +1 flail of protection)
Okay, then.
Unknown command.
Unknown command.
You throw a poisoned dart. The poisoned dart hits Duvessa.
Duvessa looks even sicker.
Duvessa is lightly wounded.
Duvessa hits you but does no damage.
Unknown command.
You closely miss Dowan. Duvessa hits you but does no damage.
Space warps around you. Dowan hits you but does no damage.
Duvessa hits you with a +0 short sword of distortion.
Space warps horribly around you!!
Unknown command.
Okay, then.
You feel yourself speed up. Duvessa hits you but does no damage.
You blink.
Unknown command.
You fade into invisibility!
Unknown command.
You closely miss Dowan. You sock Dowan!
Your weapon exudes an aura of protection.
Dowan is heavily wounded.
Dowan hits you with a +0 dagger.
You closely miss Dowan.
Dowan is heavily wounded.
Dowan hits you but does no damage.
You hit Duvessa but do no damage.
Duvessa is moderately wounded.
Duvessa completely misses you. Dowan hits you but does no damage.
You sock Duvessa!
Duvessa is heavily wounded.
Duvessa hits you but does no damage. Space warps around you.
Dowan says, "My weaknesses are her strengths!"
Dowan barely misses you.
You hit Duvessa.
Duvessa is severely wounded.
Duvessa hits you but does no damage. Space warps horribly around you!!
You die...
Your body crumbles into a pile of gold.

###....<# . ..#.....#
#...........
#..#######............
##...##....##........
##.................#
#......###........#
##.................#
##..........#.......#
...##+##...(#...@...#
#### ####.((.ee..##
#..# #..###.....##
#..# #..# ##...## #..#
#..# +.(.# #..# #..#
##...# #).#
#..###....# ##'#
#)##......#
...#####....######


You could see Duvessa (fast, unable to see you, poisoned) and Dowan (unable to
see you).

Vanquished Creatures
  Sigmund (D:2)
  An ice beast (D:5)
  2 ogres (D:5)
  A bullfrog (D:4)
  A hound (D:4)
  2 jellies
  Jessica (D:3)
  2 iguanas
  2 orc wizards (D:3)
  11 adders
  3 gnolls
  2 worms
  2 dart slugs (D:1)
  5 orcs
  9 endoplasms
  2 giant cockroaches
  8 goblins
  5 hobgoblins
  3 jackals (D:2)
  3 quokkas
  7 ball pythons
  4 bats
  8 frilled lizards
  5 kobolds
  4 rats
94 creatures vanquished.

Notes
Turn   | Place    | Note
-------+----------+-------------------------------------------
     0 | D:1      | Newt the Gargoyle Fighter began the quest for the Orb.
     0 | D:1      | Reached XP level 1. HP: 14/14 MP: 1/1
   200 | D:1      | Found Vomile's Magic Scroll Shoppe.
   226 | D:1      | Reached XP level 2. HP: 20/20 MP: 2/2
   341 | D:1      | Reached skill level 4 in Fighting
   765 | D:1      | Reached XP level 3. HP: 24/24 MP: 3/3
   981 | D:1      | Bought a scroll of identify for 26 gold pieces
  1020 | D:2      | Found Nastut's Book Shoppe.
  1071 | D:2      | Reached skill level 5 in Fighting
  1187 | D:2      | You fall into a shaft and drop 1 floor!
  1217 | D:3      | Reached XP level 4. HP: 31/31 MP: 4/4
  1448 | D:2      | Found an opulent altar of Gozag.
  1471 | D:2      | Became a worshipper of Gozag Ym Sagoz the Greedy
  1565 | D:2      | Noticed Sigmund
  1581 | D:2      | Killed Sigmund
  1582 | D:2      | Reached skill level 5 in Maces & Flails
  1582 | D:2      | Reached XP level 5. HP: 25/35 MP: 5/5
  1582 | D:2      | Reached XP level 6. HP: 29/40 MP: 6/6
  1857 | D:1      | Bought a scroll of identify for 26 gold pieces
  1857 | D:1      | Bought a scroll of noise for 13 gold pieces
  1857 | D:1      | Bought a scroll of teleportation for 39 gold pieces
  2091 | D:3      | Noticed Jessica
  2097 | D:3      | Killed Jessica
  2299 | D:3      | Reached skill level 5 in Armour
  2599 | D:4      | Reached XP level 7. HP: 38/44 MP: 7/7
  3195 | D:4      | Found a transporter.
  3198 | D:4      | Found a transporter.
  3209 | D:4      | Found a burning altar of Makhleb.
  3288 | D:4      | Found an iron altar of Okawaru.
  3387 | D:5      | Entered Level 5 of the Dungeon
  3400 | D:5      | Reached skill level 6 in Fighting
  3400 | D:5      | Noticed Duvessa
  3401 | D:5      | Noticed Dowan
  3853 | D:5      | Reached skill level 7 in Fighting
  4153 | D:5      | Reached XP level 8. HP: 31/53 MP: 8/8
  4266 | D:5      | Slain by Duvessa

Illustrated notes

Levels and vault maps discovered:
D:1:      minmay_arrival_wavy_path, layout_loops_corners, serial_shops, shop
D:2:      layout_loops_ring, serial_shops, nicolae_shop_just_a_little_nook,
          basic_altar, corexii_leaking_fountain, uniq_sigmund
D:3:      layout_rooms, uniq_jessica
D:4:      layout_basic, old_standard_altar, gammafunk_temple_overflow_arena
D:5:      layout_rooms, nicolae_ru_awakened_eye, minmay_divided_ellipse,
          uniq_duvessa

Skill      XL: |  1  2  3  4  5  6  7 |
---------------+----------------------+-----
Fighting       | 4 5 7 |  7.5
Maces & Flails | 5 |  5.0
Armour         | 5 6 |  6.0
Shields        | |  3.2

Action                     |  1- 3 |  4- 6 |  7- 9 || total
---------------------------+-------+-------+-------++-------
  Melee: Flail             |    96 |   135 |   106 ||   337
  Throw: Javelin           |       |       |     3 ||     3
         Dart              |       |       |     5 ||     5
    Use: Scroll            |     2 |     8 |     5 ||    15
         Potion            |       |     1 |     2 ||     3
 Armour: Scale mail        |    19 |       |       ||    19
         Ring mail         |    51 |   130 |    80 ||   261
  Dodge: Dodged            |    47 |    72 |    49 ||   168
  Block: Buckler           |    23 |    31 |    16 ||    70

Table legend: (Time is in decaauts)
 A = Elapsed time spent in this place.
 B = Non-inter-level travel time spent in this place.
 C = Inter-level travel time spent in this place.
 D = Time resting spent in this place.
 E = Time spent auto-exploring this place.
 F = Levels seen in this place.
 G = Mean time per level.
                   A        B        C        D        E       F      G
               +--------+--------+--------+--------+--------+-----+--------+
         Total |   4347 |   4004 |    343 |    652 |   2537 |   5 |  869.4 |
       Dungeon |   4347 |   4004 |    343 |    652 |   2537 |   5 |  869.4 |
               +--------+--------+--------+--------+--------+-----+--------+

Top non-repeatable levels by time:
     D:4: 1176 daAuts
     D:1: 1094 daAuts
     D:2: 804 daAuts
     D:3: 754 daAuts
     D:5: 517 daAuts
